 Dungeon Crawl Stone Soup version 0.20.0-15-g7f486f2 (webtiles) character file.

49 Gemmine the Chopper (level 3, -1/27 HPs)
             Began as a Demonspawn Gladiator on June 13, 2017.
             Slain by a gnoll
             ... wielding a +1 spear of piercing
              (3 damage)
             ... on level 2 of the Dungeon.
             The game lasted 00:05:01 (1609 turns).

Gemmine the Chopper (Demonspawn Gladiator)          Turns: 1609, Time: 00:05:02

Health: -1/27      AC:  4    Str: 15    XL:     3   Next: 53%
Magic:  3/3        EV: 13    Int:  9    God:
Gold:   177        SH:  0    Dex: 18    Spells: 2/2 levels left

rFire    . . .     SeeInvis .   a - +0 war axe
rCold    . . .     Gourm    .   (no shield)
rNeg     . . .     Faith    .   b - +0 leather armour
rPois    .         Spirit   .   (helmet restricted)
rElec    +         Reflect  .   (no cloak)
rCorr    .         Harm     .   (no gloves)
MR       .....                  h - +0 pair of boots
Stlth    +++.......             (no amulet)
Regen    0.1/turn               (no ring)
MPRegen  0.1/turn               (no ring)

@: no status effects
A: antennae 2, thin skeletal structure 2, electricity resistance
a: no special abilities


You were on level 2 of the Dungeon.
You were not hungry.

You visited 1 branch of the dungeon, and saw 2 of its levels.

You collected 177 gold pieces.

Inventory:

Hand Weapons
 a - a +0 war axe (weapon)
Missiles
 d - 3 throwing nets (quivered)
 k - 6 javelins
Armour
 b - a +0 leather armour (worn)
 h - a +0 pair of boots (worn)
Wands
 l - a wand of disintegration (20/24)
Scrolls
 m - a scroll of recharging
Potions
 c - a potion of degeneration {unknown}
 e - 2 potions of magic
 g - a potion of haste
 i - a potion of lignification
 n - a potion of curing {unknown}
Comestibles
 f - a bread ration


   Skills:
 + Level 2.1 Fighting
 + Level 3.3 Axes
 + Level 1.8 Throwing
 + Level 0.3 Armour
 + Level 3.1 Dodging
 * Level 1.0 Stealth


You had 2 spell levels left.
You didn't know any spells.

Dungeon Overview and Level Annotations

Branches:
Dungeon (2/15)

Altars:
Yredelemnul

Annotations:
D:2 1 runed door


Innate Abilities, Weirdness & Mutations

You have a moderately thin skeletal structure. (Dex +4, Stealth+)
You have a pair of antennae on your head.
You are resistant to electric shocks. (rElec)


Message History

You see here a club.
You start resting.
HP restored.
There is a stone staircase leading down here.
You climb downwards.
Level annotation: 1 runed door
There is a stone staircase leading up here.
The gnoll throws a throwing net.
The throwing net misses you. The gnoll misses you.
The gnoll hits you from afar with a spear of piercing!
The gnoll closely misses you.
You barely miss the gnoll.
The gnoll hits you with a spear of piercing!
* * * LOW HITPOINT WARNING * * *
The gnoll hits you with a spear of piercing.
* * * LOW HITPOINT WARNING * * *
x2 You slash the gnoll!
The gnoll is severely wounded.
The gnoll hits you with a spear of piercing.
You die...

#.# #...#....##.# #.#
#...#.#...... ####.#
#...#.#####.# .....#
#########...#.#.g..g. #######
#.........#...#.###.# ......###
#.#########.###.#...#
#####...#####<## #.# #.#...#
#..........########.# #.###.#
#####........(..@g....#.# #....(#
.#........[.<...#####.#.######...
....#####.......#.............[..
.....###........#.###.#.######...
..#...#...#.#.#.#.###.#.# #..†...
..##..#..##...#.#.....#÷# ###.###
..#########...#.#######.## #.###
..##..#..##(#+#.# #...# #....
#.#...#...#.....# #...# #.###


You could see a gnoll.

Vanquished Creatures
  2 adders (D:2)
  An ooze (D:2)
  A worm (D:2)
  A leopard gecko (D:1)
  3 bats
  2 giant cockroaches (D:1)
  2 goblins
  3 hobgoblins
  A quokka (D:2)
  3 frilled lizards
  5 rats
  A spectral orc (D:2)
25 creatures vanquished.

Notes
Turn   | Place    | Note
-------+----------+-------------------------------------------
     0 | D:1      | Gemmine the Demonspawn Gladiator began the quest for the Orb.
     0 | D:1      | Reached XP level 1. HP: 16/16 MP: 1/1
   315 | D:1      | Gained mutation: You have a somewhat thin skeletal structure. (Dex +2, Stealth) [demonic ancestry]
   315 | D:1      | Reached XP level 2. HP: 22/22 MP: 2/2
   792 | D:2      | Found a runed door.
   947 | D:2      | Gained mutation: You are resistant to electric shocks. (rElec) [potion of mutation]
   947 | D:2      | Gained mutation: You have a pair of small antennae on your head. [potion of mutation]
   947 | D:2      | Gained mutation: You have a pair of antennae on your head. [potion of mutation]
  1005 | D:2      | Gained mutation: You have a moderately thin skeletal structure. (Dex +4, Stealth+) [demonic ancestry]
  1005 | D:2      | Reached XP level 3. HP: 23/27 MP: 3/3
  1030 | D:2      | Found a basalt altar of Yredelemnul.
  1130 | D:2      | Reached skill level 1 in Stealth
  1284 | D:2      | HP: 1/27 [gnoll/flail (4)]
  1609 | D:2      | Slain by a gnoll

Skill      XL: |  1  2  3 |
---------------+----------+-----
Dodging        | 3 |  3.1
Axes           | 3 |  3.3
Stealth        | 1 |  1.0
Fighting       | |  2.1
Throwing       | |  1.8
Armour         | |  0.3

Action                   || total
-------------------------++-------
Melee: War axe           ||    68
  Use: Scroll            ||    10
       Potion            ||     2
 Stab: Sleeping          ||     3
  Eat: Bread ration      ||     1
Armor: Leather armour    ||    30
Dodge: Dodged            ||    86
